 Dungeon Crawl Stone Soup version 0.28.0-53-g5a82cb258f (webtiles) character file.

Game seed: 17884596937918472554

112 Peloso the Skirmisher (level 4, 0/61 HPs)
             Began as a Minotaur Fighter on Aug 11, 2022.
             Slain by an orc priest
             ... wielding a +0 whip
              (3 damage)
             ... on level 4 of the Dungeon.
             The game lasted 00:03:52 (2522 turns).

Peloso the Skirmisher (Minotaur Fighter)            Turns: 2522, Time: 00:03:52

Health: 0/61       AC:  7    Str: 21    XL:     4   Next: 64%
Magic:  3/3        EV:  9    Int:  5    God:
Gold:   84         SH:  5    Dex: 11    Spells: 3/3 levels left

rFire   . . .      SeeInvis .   a - +0 long sword
rCold   . . .      Faith    .   c - +0 buckler
rNeg    . . .      Spirit   .   b - +0 scale mail
rPois   .          Reflect  .   (helmet restricted)
rElec   .          Harm     .   (no cloak)
rCorr   .          Rampage  .   (no gloves)
Will    .....                   (no boots)
Stlth   ..........              (no amulet)
HPRegen 0.20/turn               (no ring)
MPRegen 0.08/turn               (no ring)

@: berserking, very quick
A: horns 2, retaliatory headbutt
a: no special abilities


You were on level 4 of the Dungeon.
You visited 1 branch of the dungeon, and saw 4 of its levels.

You collected 110 gold pieces.
You spent 26 gold pieces at shops.

Inventory:

Hand Weapons
 a - a +0 long sword (weapon)
Armour
 b - a +0 scale mail (worn)
 c - a +0 buckler (worn)
Jewellery
 p - a ring of positive energy
Wands
 k - a wand of digging (4)
Scrolls
 e - a scroll of brand weapon {unknown}
 i - a scroll of teleportation {unknown}
 m - a scroll of holy word {unknown}
 n - a scroll of fear
 q - a scroll of enchant armour {unknown}
Potions
 d - 2 potions of might
 f - a potion of haste
 h - a potion of resistance {unknown}
 j - a potion of ambrosia
 l - a potion of brilliance {unknown}
 o - a potion of mutation {unknown}


   Skills:
 + Level 4.7 Fighting
 + Level 3.9 Long Blades
 + Level 4.2 Armour
 + Level 4.4 Shields


You had 3 spell levels left.
You didn't know any spells.
Your spell library was empty.

Dungeon Overview and Level Annotations

Branches:
Dungeon (4/15)
 Temple: D:4-7

Altars:

Shops:
D:2 ?


Innate Abilities, Weirdness & Mutations

You have a pair of horns on your head.
You reflexively headbutt those who attack you in melee.


Message History

The orc priest hits you but does no damage.
The orc wizard casts a spell.
The orc wizard flickers and vanishes!
Deactivating autopickup; reactivate with Ctrl-A.
You closely miss the orc priest. You headbutt the orc priest.
The orc priest is moderately wounded.
You block the orc's attack.
The orc priest mumbles some strange prayers to Beogh against you.
Pain shoots through your body!
You hit the orc priest. Your headbutt misses the orc priest.
The orc priest is heavily wounded.
The orc hits you with a +0 trident. The orc priest hits you with a +0 whip.
The orc priest hits you but does no damage.
You hit the orc priest. Your headbutt misses the orc priest.
The orc priest is severely wounded.
The orc throws a boomerang.
The boomerang hits you but does no damage.
The orc priest barely misses you.
You closely miss the orc priest.
The orc priest is severely wounded.
You block something's attack. The orc closely misses you.
The orc priest closely misses you. Something hits you.
You barely miss the orc priest.
The orc priest is severely wounded.
The orc hits you from afar with a +0 trident.
The orc priest hits you with a +0 whip. Something hits you.
The orc hits you from afar with a +0 trident.
You closely miss the orc priest.
The orc priest is severely wounded.
The orc priest barely misses you. Something hits you but does no damage.
The orc hits you from afar with a +0 trident.
The orc priest mumbles some strange prayers to Beogh against you.
Beogh smites you!
* * * LOW HITPOINT WARNING * * *
It was a potion of berserk rage.
A red film seems to cover your vision as you go berserk!
You feel yourself moving faster!
You feel mighty! Something hits you but does no damage.
The orc throws a boomerang.
The orc priest hits you with a +0 whip.
You die...

#.# #.# #.#
#.# #.# #.#
#o#
#.############
#o@..........#
############.#
#.# #.# #.#
#.# #.# #.#
#.#


You could see an orc priest and an orc.

Vanquished Creatures
  Robin (D:3)
  3 gnolls (D:2)
  2 adders
  A worm (D:3)
  An orc (D:4)
  3 bats
  5 endoplasms
  A giant cockroach (D:1)
  12 goblins
  5 hobgoblins
  4 jackals
  2 kobolds
  2 quokkas (D:3)
  2 frilled lizards (D:1)
  A rat (D:1)
45 creatures vanquished.

Vanquished Creatures (others)
  A plant (D:2)
1 creature vanquished.

Grand Total: 46 creatures vanquished

Notes
Turn   | Place    | Note
-------+----------+-------------------------------------------
     0 | D:1      | Peloso the Minotaur Fighter began the quest for the Orb.
     0 | D:1      | Reached XP level 1. HP: 19/19 MP: 0/0
    97 | D:1      | Reached XP level 2. HP: 27/27 MP: 1/1
   443 | D:1      | Found a faded altar of an unknown god.
   601 | D:2      | Found Tuotunopp's Magic Scroll Boutique.
   609 | D:2      | Bought a scroll of identify for 26 gold pieces
   748 | D:2      | Reached XP level 3. HP: 33/33 MP: 2/2
   953 | D:2      | Identified the +0 leather armour of Prudence {rC- Will+
                  | Regen+ Int+3}
  1718 | D:3      | Noticed Robin
  1915 | D:3      | Reached XP level 4. HP: 41/41 MP: 3/3
  1920 | D:3      | Killed Robin
  2521 | D:4      | HP: 2/41 [orc priest/divine providence (13)]
  2522 | D:4      | Slain by an orc priest

Illustrated notes

Levels and vault maps discovered:
D:1:      dpeg_arrival_shelter, layout_loops_ring,
          shapermc_ecumenical_altar_acropolis,
          hangedman_abyss_or_decor_lesser_grid, solitary_fountain
D:2:      layout_loops_ring, serial_shops, shop, serial_forest,
          infiniplex_forest_straight_2, infiniplex_forest_lined_1,
          infiniplex_forest_clump_cross, infiniplex_forest_straight_2,
          infiniplex_forest_fountain, infiniplex_forest_3_way,
          infiniplex_forest_lined_2, infiniplex_forest_clump_large,
          minmay_misc_feat_cross, chequers_garden
D:3:      layout_rooms, uniq_robin
D:4:      layout_basic, uniq_edmund, uniq_sigmund

Skill      XL: |  1  2  3 |
---------------+----------+-----
Shields        | 4 |  4.4
Armour         | 4 |  4.2
Fighting       | 4 |  4.7
Long Blades    | 3 |  3.9

Action                   |  1- 3 |  4- 6 || total
-------------------------+-------+-------++-------
Melee: Long sword        |    60 |    43 ||   103
       Headbutt          |     7 |     7 ||    14
  Use: Scroll            |       |     2 ||     2
       Potion            |       |     2 ||     2
Armor: Scale mail        |    40 |    23 ||    63
Dodge: Dodged            |    31 |    23 ||    54
Block: Buckler           |    21 |    10 ||    31
